 Dungeon Crawl Stone Soup version 0.30-a0-390-g80c34de65d (webtiles) character file.

Game seed: 16127882722945901362

9996 arthad the Nimble (level 11, -18/74 HPs)
             Began as a Djinni Fire Elementalist on Dec 4, 2022.
             Was a Priest of Qazlal.
             Demolished by Rupert
             ... wielding a +2 great mace of draining
              (41 damage)
             ... on level 12 of the Dungeon.
             The game lasted 00:36:04 (12343 turns).

arthad the Nimble (Djinni Fire Elementalist)       Turns: 12343, Time: 00:36:04

Health: -18/74     AC: 15    Str:  7    XL:     11   Next: 84%
Gold:   616        EV: 15    Int: 37    God:    Qazlal [***...] SH:  4 Dex: 15

rFire   + + .      SeeInvis .    K - +11 dagger of the Leaping Shrike {vorpal, Int+5}
rCold   x . .      Faith    .    (no shield)
rNeg    . . .      Spirit   .    Y - +0 acid dragon scales
rPois   ∞          Reflect  .    q - +2 helmet
rElec   .          Harm     .    a - +2 cloak
rCorr   +          Rampage  .    n - +1 pair of gloves
Will    +....                    (boots unavailable)
Stlth   ++........               (no amulet)
HPRegen 0.32/turn                Z - +6 ring of intelligence
MPRegen 0.00/turn                U - ring "Qydurr" {rCorr Int+6}

@: silenced, flying
A: sickness immunity, fire resistance 2, cold vulnerability 1, float, innate
caster, HP casting, extra vitality 1
a: Renounce Religion


You were on level 12 of the Dungeon.
You worshipped Qazlal.
Qazlal was most pleased with you.
You visited 2 branches of the dungeon, and saw 13 of its levels.

You collected 698 gold pieces.
You spent 82 gold pieces at shops.

Inventory:

Hand Weapons
 b - a +2 dagger of electrocution
 v - a +1 whip of electrocution
 x - a +3 morningstar
 K - the +11 dagger of the Leaping Shrike (weapon) {vorpal, Int+5}
   (You found it on level 6 of the Dungeon)

   It inflicts extra damage upon your enemies.
   Int:       It affects your intelligence (+5).
 S - a +6 vorpal flail
 T - a +2 sling of freezing
 V - a +2 vorpal war axe
Missiles
 e - 5 curare-tipped darts
 J - 3 throwing nets
 L - 5 poisoned darts
Armour
 a - a +2 cloak (worn)
 n - a +1 pair of gloves (worn)
 q - a +2 helmet (worn)
 Y - +0 acid dragon scales (worn)
Jewellery
 y - an amulet of guardian spirit
 D - a ring of resist corrosion
 M - a ring of willpower
 P - a +4 ring of evasion
 Q - a +4 ring of slaying
 U - the ring "Qydurr" (right hand) {rCorr Int+6}
   (You found it on level 10 of the Dungeon)

   [ring of intelligence]

   Int:       It affects your intelligence (+6).
   rCorr:     It protects you from acid and corrosion.
 Z - a +6 ring of intelligence (left hand)
Wands
 i - a wand of flame (49)
 k - a wand of quicksilver (14)
 t - a wand of roots (17)
 H - a wand of paralysis (28)
 R - a wand of polymorph (8)
Scrolls
 f - 4 scrolls of noise {unknown}
 l - 4 scrolls of fear {unknown}
 m - 18 scrolls of identify {unknown}
 s - 2 scrolls of immolation {unknown}
 z - 2 scrolls of fog {unknown}
 A - 4 scrolls of poison {unknown}
 B - 5 scrolls of teleportation
 E - 2 scrolls of blinking {unknown}
 F - a scroll of amnesia {unknown}
 G - a scroll of enchant weapon {unknown}
 N - 2 scrolls of enchant armour
 O - 2 scrolls of magic mapping {unknown}
Potions
 d - a potion of might
 g - 4 potions of heal wounds {unknown}
 h - 2 potions of attraction {unknown}
 j - 6 potions of curing
 o - 3 potions of lignification {unknown}
 p - a potion of mutation {unknown}
 r - a potion of experience {unknown}
 u - a potion of flight {unknown}
 w - a potion of ambrosia {unknown}
 C - 4 potions of haste {unknown}
 I - 2 potions of brilliance {unknown}
 X - a potion of berserk rage {unknown}


   Skills:
 + Level 4.8 Fighting
 + Level 4.3 Short Blades
 + Level 4.8 Armour
 + Level 9.1 Dodging
 + Level 7.5 Stealth
 * Level 7.8 Spellcasting
 + Level 4.8 Invocations


You couldn't memorise any spells.
You knew the following spells:

 Your Spells              Type           Power      Damage    Failure   Level
a - Foxfire               Conj/Fire      100%       2x1d9     1%          1
b - Scorch                Fire           100%       2d10      1%          2
c - Kindle Blastsparks    Fire/Tloc/Air  100%       2d18      1%          3
d - Inner Flame           Hex/Fire       64%        N/A       1%          3
e - Flame Wave            Conj/Fire      64%        2d15      1%          4
f - Slow                  Hex            100%       N/A       1%          1
g - Momentum Strike       Conj/Tloc      100%       3d10      1%          2
h - Ignite Poison         Fire/Tmut/Pois 64%        N/A       1%          3
i - Spider Form           Tmut/Pois      64%        N/A       1%          3
j - Alistair's Intoxicat  Tmut/Pois      42%        N/A       5%          5
Your spell library was empty.

Dungeon Overview and Level Annotations

Branches:
Dungeon (12/15)            Temple (1/1) D:5            Lair (0/5) D:8
    Orc (0/2) D:10

Altars:
Ashenzari
Cheibriados
Dithmenos
Elyvilon
Fedhas
Gozag
Hepliaklqana
Makhleb
Nemelex Xobeh
Okawaru
Qazlal
Ru
Trog
Uskayaw
Wu Jian
Xom
Yredelemnul
Zin
The Shining One

Shops:
D:2 [?=   D:4 !   D:7 ?:   D:8 (

Portals:
Trove: D:10 (give 18 potions of curing)

Annotations:
D:12 Rupert


Innate Abilities, Weirdness & Mutations

You are immune to sickness and miasma.
You are immune to poison.
Your flesh is very heat resistant. (rF++)
You are vulnerable to cold. (rC-)
You float through the air rather than walking.
You learn spells naturally, not from books.
Your magical power is your life essence.
You have superior vitality. (+4 MHP)


Message History

Unknown command.
Okay, then.
You bump into the rock wall.
You bump into the rock wall.
Rupert misses you.
You bump into the rock wall.
You feel less confused.
Rupert hits you with a +2 great mace of draining!
Casting: Scorch (safe; 1% risk of failure)
Confirm with . or Enter, or press ? or * to list all spells.
Aiming: Slow (safe; 1% risk of failure)
Press: ? - help, Shift-Dir - straight line, f - Rupert
Aim: Rupert, wielding a +2 great mace of draining and wearing a +0 scale mail (sparse dust, lightly wounded, more vulnerable to fire, chance to affect: 4%)
Okay, then.
Casting: Slow (safe; 1% risk of failure)
Confirm with . or Enter, or press ? or * to list all spells.
You conjure some foxfire!
Rupert is no longer more vulnerable to fire.
Rupert roars madly and goes into a rage!
Rupert goes berserk!
Unknown command.
Casting: Foxfire (safe; 1% risk of failure)
Confirm with . or Enter, or press ? or * to list all spells.
Flames lash Rupert.
Rupert is moderately wounded.
Rupert's fire resistance burns away.
The foxfire hits Rupert.
Rupert is burned terribly!
Rupert is moderately wounded.
The foxfire hits Rupert but does no damage.
Rupert is moderately wounded.
Rupert hits you with a +2 great mace of draining!!
* * * LOW HITPOINT WARNING * * *
Unknown command.
Unknown command.
As you read the scroll labelled INOIPR QIUTUMN, it crumbles to dust.
A profound silence engulfs you.
It was a scroll of silence.
Rupert barely misses you. You block Rupert's attack.
Rupert attacks as you move away!
Rupert hits you with a +2 great mace of draining!!!
Ouch! That really hurt!
You die...

~~P~... P~~~...###
~~PPP....# ~
~P~....# ..##.....
........####+#######
........##<........#
......§@##.........#
.......@#..........+
......○(...).......#
.......>.#..<......#
........##.........#
........##.........#
........##.........#
###+########+#######


You could see Rupert (berserk, combustible).

Vanquished Creatures
  A two-headed ogre (D:9)
  2 manticores (D:11)
  A cyclops (D:12)
  Joseph (D:8)
  A gargoyle (D:10)
  2 trolls
  A hornet (D:9)
  Grinder (D:3)
  Sigmund (D:2)
  12 yaks
  2 shadows (D:11)
  2 wyverns
  A vampire (D:11)
  2 steam dragons (D:7)
  A basilisk (D:10)
  3 vampire mosquitoes (D:11)
  A warg (D:10)
  2 acid dragons
  2 water moccasins (D:7)
  3 orc warriors
  4 sky beasts
  4 ogres
  A centaur (D:4)
  2 phantoms
  3 bullfrogs
  4 gnoll sergeants
  2 scorpions
  3 killer bees (D:11)
  A howler monkey (D:7)
  4 hounds
  4 jellies
  5 orc priests
  2 iguanas (D:4)
  10 orc wizards
  Natasha (twice) (D:2)
  Robin (D:3)
  8 adders
  16 gnolls
  2 white imps
  4 ufetubi
  A worm (D:4)
  2 dart slugs
  49 orcs
  8 bats
  14 endoplasms
  6 giant cockroaches
  22 goblins
  8 hobgoblins
  9 jackals
  11 kobolds
  4 quokkas
  10 ball pythons
  4 frilled lizards
  3 rats
  A foxfire (D:11)
276 creatures vanquished.

Vanquished Creatures (others)
  582 foxfires
  5 fungi (D:4)
  9 plants
  9 toadstools (D:4)
605 creatures vanquished.

Grand Total: 881 creatures vanquished

Notes
Turn   | Place    | Note
-------+----------+-------------------------------------------
     0 | D:1      | arthad the Djinni Fire Elementalist began the quest for the
                  | Orb.
     0 | D:1      | arthad set off with the following spells memorised:
                  | Foxfire, Scorch, Kindle Blastsparks, Inner Flame, Flame
                  | Wave.
     0 | D:1      | Reached XP level 1. HP: 15/15 MP: 0/0
    47 | D:1      | Reached XP level 2. HP: 17/21 MP: 0/0
   211 | D:1      | Reached XP level 3. HP: 24/25 MP: 0/0
   211 | D:1      | Learned a level 1 spell: Slow
   388 | D:1      | Reached skill level 3 in Dodging
   710 | D:2      | Reached XP level 4. HP: 30/31 MP: 0/0
   716 | D:2      | Found Apuusox's Armour Shoppe.
   776 | D:2      | Found Wushrai's Magic Scroll Boutique.
   844 | D:2      | Found Saeb's Jewellery Shop.
   844 | D:2      | Found a faded altar of an unknown god.
   844 | D:2      | Noticed Natasha
   855 | D:2      | Killed Natasha
   955 | D:2      | Noticed Sigmund
   963 | D:2      | Killed Sigmund
   964 | D:2      | Reached skill level 4 in Dodging
   964 | D:2      | Reached XP level 5. HP: 24/35 MP: 0/0
   964 | D:2      | Learned a level 2 spell: Momentum Strike
   964 | D:2      | Reached XP level 6. HP: 28/40 MP: 0/0
  1163 | D:2      | Noticed Natasha
  1168 | D:2      | Killed Natasha
  1716 | D:3      | Noticed Robin
  1740 | D:3      | Killed Robin
  2121 | D:3      | Noticed Grinder
  2130 | D:3      | Killed Grinder
  2131 | D:3      | Reached skill level 5 in Dodging
  2131 | D:3      | Reached XP level 7. HP: 36/45 MP: 0/0
  2131 | D:3      | Learned a level 3 spell: Ignite Poison
  2771 | D:4      | Found Nipawk's Distillery.
  3033 | D:4      | Reached XP level 8. HP: 33/50 MP: 0/0
  3576 | D:4      | Reached skill level 6 in Dodging
  3999 | D:4      | Reached skill level 5 in Stealth
  4547 | D:5      | Entered Level 5 of the Dungeon
  4656 | D:5      | Found a staircase to the Ecumenical Temple.
  4685 | Temple   | Entered the Ecumenical Temple
  4755 | Temple   | Became a worshipper of Qazlal Stormbringer
  4875 | D:5      | Reached skill level 5 in Spellcasting
  5179 | D:5      | Reached XP level 9. HP: 45/55 MP: 0/0
  5179 | D:5      | Learned a level 3 spell: Spider Form
  5435 | D:6      | Reached skill level 7 in Dodging
  5437 | D:6      | Identified the +11 dagger of the Leaping Shrike {vorpal,
                  | Int+5}
  5548 | D:6      | Noticed a troll
  5554 | D:6      | Reached * piety under Qazlal
  5558 | D:6      | Killed a troll
  5559 | D:6      | Reached skill level 1 in Invocations
  5708 | D:6      | Reached skill level 1 in Fighting
  5727 | D:6      | Reached skill level 1 in Armour
  5806 | D:6      | Reached skill level 1 in Short Blades
  6035 | D:7      | Found a sacrificial altar of Ru.
  6044 | D:7      | Found an opulent altar of Gozag.
  6047 | D:7      | Found a snail-covered altar of Cheibriados.
  6048 | D:7      | Found a burning altar of Makhleb.
  6048 | D:7      | Found a bloodstained altar of Trog.
  6048 | D:7      | Found a glowing golden altar of the Shining One.
  6049 | D:7      | Found a shadowy altar of Dithmenos.
  6050 | D:7      | Found a shimmering altar of Xom.
  6051 | D:7      | Found a hazy altar of Hepliaklqana.
  6053 | D:7      | Found an iron altar of Okawaru.
  6131 | D:7      | Found Acis's Magic Scroll Shoppe.
  6139 | D:7      | Bought a scroll of enchant armour for 82 gold pieces
  6580 | D:7      | Reached XP level 10. HP: 12/64 MP: 0/0
  6586 | D:7      | Reached ** piety under Qazlal
  6907 | D:7      | Found Noateluq's Book Shoppe.
  7415 | D:8      | Reached skill level 8 in Dodging
  7781 | D:8      | Found a staircase to the Lair.
  8171 | D:8      | Found Jofuit's Hydra Hut.
  8172 | D:8      | Noticed an eight-headed hydra
  8223 | D:8      | Noticed Joseph
  8236 | D:8      | Killed Joseph
  8520 | D:9      | Noticed a two-headed ogre
  8541 | D:9      | Killed a two-headed ogre
  8542 | D:9      | Reached XP level 11. HP: 29/72 MP: 0/0
  8542 | D:9      | Learned a level 5 spell: Alistair's Intoxication
  8738 | D:9      | You are sucked into a shaft and drop 1 floor!
  8738 | D:10     | Entered Level 10 of the Dungeon
  8848 | D:10     | Got The Foundations of Thaumaturgy
  8857 | D:10     | Found a staircase to the Orcish Mines.
  9447 | D:10     | Identified the ring "Qydurr" {rCorr Int+6}
 10457 | D:10     | Found a portal to a secret trove of treasure.
 10637 | D:11     | Noticed a manticore
 11118 | D:11     | Reached *** piety under Qazlal
 11586 | D:11     | Noticed a manticore
 11590 | D:11     | Killed a manticore
 11782 | D:11     | Reached skill level 9 in Dodging
 11827 | D:11     | Killed a manticore
 12237 | D:12     | Noticed a cyclops
 12250 | D:12     | Killed a cyclops
 12329 | D:12     | Noticed Rupert
 12343 | D:12     | Demolished by Rupert

Illustrated notes

Levels and vault maps discovered:
D:1:      dpeg_arrival_rooms_c, layout_rooms
D:2:      layout_basic, ebering_ecumenical_altar_mist, serial_shops,
          shop_scrolls, nicolae_square_shop, nicolae_shop_trees,
          minmay_pentomino_pile, uniq_natasha, uniq_sigmund
D:3:      layout_basic, dk_noncrumbling_3, uniq_robin, uniq_grinder
D:4:      cheibrodos_fertilizer, layout_layer_cave, serial_shops, shop_statue,
          nzn_random_ring
D:5:      layout_gridville, minmay_temple_entry_mini_moons
D:6:      layout_basic
D:7:      layout_gridville, minitemple, serial_shops, shop, nicolae_shop_stone,
          hangedman_misty_isle
D:8:      layout_loops_corners, lair_entry_dummy, doesnt_shop_hydraphobe,
          uniq_joseph
D:9:      layout_loops_ring
D:10:     layout_layer_cave, david_orc_3, enter_trove_3
D:11:     layout_basic
D:12:     layout_roguey, serial_bayou, serial_bayou_shore_a,
          serial_bayou_lake_a, serial_bayou_ford_a, serial_bayou_pond_a,
          uniq_kirke, uniq_rupert
Temple:   hellmonk_temple_of_storms

Skill      XL: |  1  2  3  4  5  6  7  8  9 10 11 |
---------------+----------------------------------+-----
Stealth        | 2 3 4 5 6 7 |  7.5
Dodging        | 3 4 5 6 7 8 9 |  9.1
Spellcasting   | 3 4 5 6 7 |  7.8
Invocations    | 2 3 4 |  4.8
Fighting       | 2 3 4 |  4.8
Armour         | 2 3 4 |  4.8
Short Blades   | 1 3 4 |  4.3

Action                   |  1- 3 |  4- 6 |  7- 9 | 10-12 || total
-------------------------+-------+-------+-------+-------++-------
Melee: Unarmed           |     4 |       |       |       ||     4
       Dagger            |    21 |    12 |    79 |    67 ||   179
       Punch             |       |       |       |     2 ||     2
 Cast: Foxfire           |    27 |    37 |   163 |   115 ||   342
       Scorch            |       |    14 |    43 |   116 ||   173
       Kindle Blastspark |       |     5 |       |       ||     5
       Flame Wave        |       |       |     2 |     1 ||     3
       Momentum Strike   |       |       |       |     2 ||     2
  Use: Potion            |       |       |     1 |     1 ||     2
       Scroll            |       |       |     1 |     1 ||     2
 Stab: Sleeping          |       |     1 |       |       ||     1
Armor: Robe              |     6 |     7 |    42 |    11 ||    66
       Acid dragon scale |       |       |       |    24 ||    24
Dodge: Dodged            |    20 |    26 |   114 |   108 ||   268
Block: Other             |       |       |     1 |    23 ||    24

Table legend: (Time is in decaauts)
 A = Elapsed time spent in this place.
 B = Non-inter-level travel time spent in this place.
 C = Inter-level travel time spent in this place.
 D = Time resting spent in this place.
 E = Time spent auto-exploring this place.
 F = Levels seen in this place.
 G = Mean time per level.
                   A        B        C        D        E       F      G
               +--------+--------+--------+--------+--------+-----+--------+
         Total |  12324 |  12038 |    286 |   1622 |   8748 |  13 |  948.0 |
       Dungeon |  12249 |  11985 |    264 |   1622 |   8724 |  12 | 1020.8 |
        Temple |     75 |     53 |     22 |      0 |     24 |   1 |   75.0 |
               +--------+--------+--------+--------+--------+-----+--------+

Top non-repeatable levels by time:
     D:4: 1776 daAuts
    D:10: 1581 daAuts
    D:11: 1367 daAuts
     D:7: 1244 daAuts
     D:8: 1086 daAuts
     D:3: 1053 daAuts
     D:2: 1025 daAuts
     D:9: 975 daAuts
     D:1: 689 daAuts
     D:6: 679 daAuts
     D:5: 662 daAuts
    D:12: 106 daAuts
  Temple: 75 daAuts
